 Dungeon Crawl Stone Soup version 0.26-a0-660-gc07710193c (webtiles) character file.

Game seed: 11845597231515456168

57318 sahdkjhfkaj the Peltast (level 14, -25/78 HPs)
             Began as a Tengu Conjurer on Oct 6, 2020.
             Was an Initiate of Gozag.
             Annihilated by a white ugly thing (33 damage)
             ... on level 14 of the Dungeon.
             The game lasted 01:07:53 (35280 turns).

sahdkjhfkaj the Peltast (Tengu Conjurer)           Turns: 35280, Time: 01:07:53

Health: -25/78     AC:  4    Str:  9    XL:     14   Next: 85%
Magic:  7/28       EV: 18    Int: 31    God:    Gozag
Gold:   3623       SH: 13    Dex: 14    Spells: 9/31 levels left

rFire    + . .     SeeInvis .   (no weapon)
rCold    . . .     Faith    .   H - +0 kite shield
rNeg     . . .     Spirit   .   A - +1 robe of Jigsaw {+Blink rF+}
rPois    .         Reflect  .   (helmet restricted)
rElec    .         Harm     .   n - +0 cloak
rCorr    .         Rampage  .   (no gloves)
MR       ++...                  (boots unavailable)
Stlth    +++.......             d - amulet of regeneration
HPRegen  0.63/turn              t - +6 ring of intelligence
MPRegen  0.21/turn              q - ring of protection from magic

@: flying quickly and evasively, quick
A: beak, talons 3, clever 1, strong 1, MP-powered wands, able to fly
a: Stop Flying, Potion Petition, Call Merchant, Bribe Branch, Renounce Religion,
Evoke Blink


You were on level 14 of the Dungeon.
You worshipped Gozag.
Gozag was most pleased with you.
You visited 2 branches of the dungeon, and saw 21 of its levels.

You collected 5616 gold pieces.
You spent 1471 gold pieces at shops.
You paid 522 gold pieces to Gozag.

Inventory:

Hand Weapons
 a - a +5 scimitar
 b - the +8 dagger of Icsucoch {flame, rPois MP+9}
   (You found it on level 5 of the Dungeon)

   It has been specially enchanted to burn those struck by it, causing extra
   injury to most foes and up to half again as much damage against particularly
   susceptible opponents.
   It protects you from poison.
   It affects your magic capacity (+9).
Armour
 n - a +0 cloak (worn)
 A - the +1 robe of Jigsaw (worn) {+Blink rF+}
   (You found it on level 3 of the Lair of Beasts)

   It protects you from fire.
   It lets you blink.
 H - a +0 kite shield (worn)
Jewellery
 d - an amulet of regeneration (around neck)
 q - a ring of protection from magic (right hand)
 t - a +6 ring of intelligence (left hand)
 x - an uncursed ring of see invisible
 I - an uncursed ring of poison resistance
 R - an uncursed ring of resist corrosion {unknown}
Wands
 l - a wand of random effects (20)
 u - a wand of enslavement (6)
 G - a wand of paralysis (27)
 P - a wand of disintegration (15)
 Q - a wand of polymorph (10)
 S - a wand of acid (6)
 T - a wand of iceblast (7)
Scrolls
 c - 4 scrolls of enchant armour
 e - a scroll of silence
 g - 2 scrolls of fog
 h - 3 scrolls of magic mapping
 j - 5 scrolls of immolation
 o - 4 scrolls of remove curse
 p - 3 scrolls of amnesia
 s - 5 scrolls of blinking
 w - 2 scrolls of holy word
 C - 11 scrolls of identify
 E - a scroll of summoning
 K - 4 scrolls of enchant weapon
 N - a scroll of brand weapon
 O - 3 scrolls of fear
Potions
 f - 5 potions of curing
 k - 5 potions of magic
 m - 2 potions of haste
 r - 4 potions of heal wounds
 y - 3 potions of invisibility
 z - 2 potions of lignification
 B - 5 potions of resistance
 D - 4 potions of might
 F - 3 potions of ambrosia
 J - a potion of berserk rage
 L - a potion of stabbing
 M - a potion of cancellation


   Skills:
 + Level 5.3 Fighting
 - Level 5.0 Armour
 + Level 5.2 Dodging
 - Level 4.8 Stealth
 - Level 15.0 Shields
 * Level 0.5 Unarmed Combat
 + Level 9.4 Spellcasting
 - Level 10.2 Conjurations
 + Level 6.9 Necromancy
 * Level 5.8 Transmutations
 - Level 10.0 Air Magic
 * Level 5.3 Earth Magic


You had 9 spell levels left.
You knew the following spells:

 Your Spells              Type           Power        Failure   Level
a - Magic Dart            Conj           ####         1%          1
b - Searing Ray           Conj           ######       1%          2
e - Borgnjor's Vile Clut  Necr/Erth      ######....   8%          5
f - Fulminant Prism       Conj/Hex       #####.....   4%          4
A - Airstrike             Air            ######....   1%          4
S - Statue Form           Tmut/Erth      #####....    47%         6

Your spell library contained the following spells:

 Spells                   Type           Power        Failure   Level
 Foxfire                  Conj/Fire      ####         1%          1
 Shock                    Conj/Air       ####         1%          1
 Corpse Rot               Necr/Air       N/A          1%          2
 Swiftness                Air            ######..     1%          2
 Conjure Flame            Conj/Fire      #####...     1%          3
 Dazzling Flash           Conj/Hex       #####.       1%          3
 Animate Dead             Necr           ######....   1%          4
 Corona                   Hex            ##.....      3%          1
 Iskenderun's Mystic Bla  Conj/Tloc      #####...     4%          4
 Sticky Flame             Conj/Fire      #####...     4%          4
 Ensorcelled Hibernation  Hex/Ice        ##....       5%          2
 Conjure Ball Lightning   Conj/Air       ######....   9%          6
 Confusing Touch          Hex            ##......     11%         3
 Inner Flame              Hex/Fire       ##......     11%         3
 Tukima's Dance           Hex            ##......     11%         3
 Leda's Liquefaction      Hex/Erth       ####......   12%         4
 Bolt of Magma            Conj/Fire/Erth #####.....   12%         5
 Fireball                 Conj/Fire      #####.....   12%         5
 Iron Shot                Conj/Erth      ######....   22%         6
 Death Channel            Necr           ######....   30%         6
 Simulacrum               Ice/Necr       #####.....   77%         6
 Shatter                  Erth           #####.....   100%        9
 Tornado                  Air            ######....   100%        9


Dungeon Overview and Level Annotations

Branches:
Dungeon (15/15)            Temple (0/1) D:6            Lair (6/6) D:10
 Shoals (0/4) Lair:4        Snake (0/4) Lair:4        Slime (0/5) Lair:5
    Orc (0/2) D:10
 Vaults: D:13-14     Depths: D:15

Altars:
Ashenzari
Dithmenos
Gozag
Hepliaklqana
Makhleb
Nemelex Xobeh
Qazlal
Sif Muna
Uskayaw
Vehumet
Xom
Zin
Beogh

Shops:
D:6 *   D:13 (   D:15 (   Lair:1 :

Annotations:
Lair:4 exclusion: 2 doors
Lair:5 exclusion: 4 oklob plants


Innate Abilities, Weirdness & Mutations

You have a beak for a mouth.
You have claws for feet.
You can fly continuously.
Your mind is acute. (Int +2)
Your muscles are strong. (Str +2)
You expend magic power (3 MP) to strengthen your wands.


Message History

The zombie hands constrict the purple ugly thing!
The purple ugly thing escapes!
The purple ugly thing basks in the mutagenic energy from its kin and changes!
The white ugly thing basks in the mutagenic energy from its kin and changes!
The purple ugly thing basks in the mutagenic energy from its kin and changes!
The white ugly thing kicks you. The white ugly thing freezes you!!
The red ugly thing closely misses you.
The red ugly thing basks in the mutagenic energy from its kin and changes!
The white ugly thing basks in the mutagenic energy from its kin and changes!
The white ugly thing kicks you. The white ugly thing freezes you!!
The white ugly thing stings you. The white ugly thing freezes you!!
* * * LOW HITPOINT WARNING * * *
The white ugly thing basks in the mutagenic energy from its kin and changes!
The red ugly thing basks in the mutagenic energy from its kin and changes!
The white ugly thing basks in the mutagenic energy from its kin and changes!
The white ugly thing stings you.
* * * LOW HITPOINT WARNING * * *
The white ugly thing freezes you!!
You die...
Your body crumbles into a pile of gold.

#####............#.#.#.#.#
#.#.# #.>...........?..#<#.#
#.#.# #............#.#..##.#
#.#.#
#.....#......#.#.....####.#.#
#######........##.###...#.#.#
#........##.###.#.#...#
###....^.##.#...#.#.###
#......##.#.###......
######### #..u@..##...#
###.### ........#
##....((###..# #.###
........## #.u.......#..#
#.#..
.........###..(#(###.##.#
#.#.. ..........u....'.#
#.##.## #.#..
......u........#.#
#.....####.#..
u#...[.........#.#
#####......###
.#...)[........#.# #......#
.#....)........#.# #......#


You could see 3 ugly things.

Vanquished Creatures
  6 hydras
  A catoblepas (Lair:4)
  A boulder beetle (D:13)
  A centaur warrior (D:14)
  4 two-headed ogres
  A death knight (D:12)
  A tengu warrior (D:13)
  A fire crab (shapeshifter) (D:14)
  5 skeletal warriors (D:13)
  An unseen horror (D:14)
  A lindwurm (Lair:4)
  7 ugly things
  5 cyclopes
  A manticore (D:14)
  Joseph (D:7)
  A black mamba (Lair:1)
  A centaur zombie (D:14)
  3 elephants (Lair:5)
  2 gargoyles
  2 rime drakes (Lair:3)
  11 cane toads
  14 komodo dragons
  A tengu conjurer (D:14)
  5 trolls
  2 polar bears
  Grinder (D:5)
  2 hornets
  4 blink frogs (Lair:1)
  6 dream sheep (Lair:4)
  21 slime creatures
  A shadow (D:12)
  6 wyverns
  3 wraiths
  30 yaks
  A steam dragon (D:10)
  5 vampire mosquitoes
  5 basilisks
  An acid dragon (D:13)
  An acid dragon (shapeshifter) (D:15)
  17 water moccasins
  A soldier ant (D:15)
  Edmund (D:4)
  3 sky beasts
  11 orc warriors
  6 black bears
  4 ice beasts
  A phantom (D:9)
  An eye of draining (D:8)
  10 ogres
  3 necrophages
  7 wolves
  15 centaurs
  3 big kobolds
  24 bullfrogs
  3 scorpions
  19 killer bees
  18 wights
  A howler monkey (D:14)
  An electric eel (Lair:4)
  2 bullfrog zombies (D:10)
  14 orc priests
  8 hounds
  9 jellies
  Crazy Yiuf (D:2)
  Jessica (D:2)
  A bullfrog skeleton (D:11)
  Ijyb (D:5)
  5 iguanas
  17 orc wizards
  13 worker ants
  A statue (D:9)
  2 hound skeletons
  A gnoll (D:1)
  3 worker ant zombies
  12 adders
  A shadow imp (D:6)
  2 white imps
  2 ufetubi
  2 oozes
  A worm (D:4)
  6 dart slugs
  5 leopard geckos
  66 orcs
  5 bats
  8 giant cockroaches
  6 goblins
  3 hobgoblins
  8 jackals
  22 kobolds
  5 quokkas
  4 ball pythons
  5 frilled lizards
  A jackal skeleton (D:5)
  A leopard gecko skeleton (D:4)
  2 leopard gecko zombies
  A quokka zombie (D:8)
  4 rats
566 creatures vanquished.

Vanquished Creatures (others)
  A tengu conjurer (D:13)
  7 fulminant prisms (Lair:5)
  25 fungi
  65 plants
98 creatures vanquished.

Grand Total: 664 creatures vanquished

Notes
Turn   | Place    | Note
-------+----------+-------------------------------------------
     0 | D:1      | sahdkjhfkaj the Tengu Conjurer began the quest for the Orb.
     0 | D:1      | Reached XP level 1. HP: 10/10 MP: 4/4
    95 | D:1      | Reached XP level 2. HP: 15/15 MP: 0/6
   156 | D:1      | Learned a level 2 spell: Searing Ray
   738 | D:1      | Reached XP level 3. HP: 19/19 MP: 4/7
  1046 | D:1      | Found an opulent altar of Gozag.
  1103 | D:2      | Noticed Jessica
  1105 | D:2      | Killed Jessica
  1105 | D:2      | Reached XP level 4. HP: 24/24 MP: 5/8
  1160 | D:2      | Found a glowing silver altar of Zin.
  1220 | D:2      | Found a runed translucent door.
  1221 | D:2      | Noticed Crazy Yiuf
  1269 | D:2      | Killed Crazy Yiuf
  2035 | D:2      | Found a hazy altar of Hepliaklqana.
  2770 | D:3      | Gained mutation: You can fly continuously. [Tengu growth]
  2770 | D:3      | Reached XP level 5. HP: 28/28 MP: 8/10
  2897 | D:1      | Became a worshipper of Gozag Ym Sagoz the Greedy
  3544 | D:4      | Noticed Edmund
  3553 | D:4      | Killed Edmund
  3553 | D:4      | Reached skill level 5 in Spellcasting
  3553 | D:4      | Reached XP level 6. HP: 29/32 MP: 2/14
  4133 | D:4      | Reached skill level 1 in Armour
  4439 | D:5      | Entered Level 5 of the Dungeon
  4465 | D:5      | Noticed Ijyb
  4469 | D:5      | Killed Ijyb
  4469 | D:5      | Reached skill level 1 in Fighting
  4469 | D:5      | Reached XP level 7. HP: 38/38 MP: 10/15
  5083 | D:5      | Got a bloodstained dagger
  5083 | D:5      | Identified the +8 dagger of Icsucoch {flame, rPois MP+9}
                  | (You found it on level 5 of the Dungeon)
  5509 | D:5      | Reached XP level 8. HP: 30/45 MP: 17/17
  5688 | D:5      | Noticed a hornet
  5698 | D:5      | Paralysed by a hornet for 3 turns
  5701 | D:5      | Killed a hornet
  5833 | D:5      | Noticed Grinder
  5841 | D:5      | Killed Grinder
  6046 | D:5      | Found a hide-covered altar of Uskayaw.
  6554 | D:6      | Reached XP level 9. HP: 50/51 MP: 19/19
  6600 | D:6      | Reached skill level 5 in Dodging
  6871 | D:6      | Found Ycyss's Elemental Accessories.
  6883 | D:6      | Bought the Compendium of the Shore for 691 gold pieces
  6888 | D:6      | Learned a level 4 spell: Airstrike
  7160 | D:6      | Found a staircase to the Ecumenical Temple.
  7289 | D:7      | Noticed Joseph
  7364 | D:7      | Reached skill level 1 in Air Magic
  7401 | D:7      | Killed Joseph
  7498 | D:7      | Reached skill level 5 in Armour
  7769 | D:7      | Found a sparkling altar of Nemelex Xobeh.
  8051 | D:7      | Reached skill level 5 in Fighting
  8051 | D:7      | Reached skill level 5 in Air Magic
  8272 | D:7      | Reached skill level 1 in Shields
  8606 | D:8      | Reached skill level 2 in Shields
  8712 | D:8      | Reached skill level 10 in Conjurations
  8712 | D:8      | Reached XP level 10. HP: 58/58 MP: 7/21
  9149 | D:8      | Reached skill level 3 in Shields
  9384 | D:8      | Found a sparkling altar of Nemelex Xobeh.
  9742 | D:9      | Found a shadowy altar of Dithmenos.
  9911 | D:9      | Found a stormy altar of Qazlal.
 10152 | D:9      | Found a radiant altar of Vehumet.
 10269 | D:9      | Reached skill level 4 in Shields
 10585 | D:9      | Found a faded altar of an unknown god.
 10585 | D:9      | Found a burning altar of Makhleb.
 10590 | D:9      | Found a faded altar of an unknown god.
 10592 | D:9      | Found a shimmering altar of Xom.
 10594 | D:9      | Found a broken altar of Ashenzari.
 10961 | D:9      | Found a shimmering blue altar of Sif Muna.
 11063 | D:10     | Entered Level 10 of the Dungeon
 11134 | D:10     | Noticed a gargoyle
 11141 | D:10     | Killed a gargoyle
 11141 | D:10     | Reached skill level 5 in Shields
 11444 | D:10     | Reached XP level 11. HP: 62/62 MP: 21/24
 11451 | D:10     | Reached skill level 6 in Shields
 12073 | D:10     | Found a staircase to the Orcish Mines.
 12172 | D:10     | Learned a level 6 spell: Statue Form
 12407 | D:10     | Reached skill level 1 in Transmutations
 12458 | D:10     | Reached skill level 1 in Earth Magic
 12589 | D:10     | Found a staircase to the Lair.
 12691 | Lair:1   | Entered Level 1 of the Lair of Beasts
 12923 | Lair:1   | Reached skill level 7 in Shields
 13872 | Lair:2   | Noticed a six-headed hydra
 14010 | Lair:2   | Got a smoking ring mail
 14020 | Lair:2   | Identified the +3 ring mail "Asas" {rElec rF- MP+9 Int+3}
                  | (You found it on level 2 of the Lair of Beasts)
 15163 | Lair:2   | Killed a six-headed hydra
 15163 | Lair:2   | Reached XP level 12. HP: 65/67 MP: 0/25
 15399 | Lair:3   | Reached skill level 8 in Shields
 15777 | Lair:3   | Noticed a four-headed hydra
 16649 | Lair:3   | Killed a four-headed hydra
 16909 | Lair:4   | Found a staircase to the Snake Pit.
 17547 | Lair:4   | Reached skill level 9 in Shields
 17562 | Lair:4   | Reached skill level 5 in Transmutations
 18044 | Lair:4   | Noticed a seven-headed hydra
 18180 | Lair:4   | Noticed a catoblepas
 18197 | Lair:4   | Killed a catoblepas
 18197 | Lair:4   | Reached skill level 10 in Air Magic
 18197 | Lair:4   | Reached skill level 5 in Earth Magic
 18338 | Lair:4   | Found a staircase to the Shoals.
 18338 | Lair:4   | Noticed a five-headed hydra
 18459 | Lair:4   | Reached XP level 13. HP: 71/71 MP: 18/27
 18572 | Lair:4   | Reached skill level 10 in Shields
 19275 | Lair:5   | You are sucked into a shaft and drop 1 floor!
 19275 | Lair:6   | Entered Level 6 of the Lair of Beasts
 19379 | Lair:5   | Reached skill level 11 in Shields
 19680 | Lair:5   | Found a staircase to the Slime Pits.
 19994 | Lair:5   | You are sucked into a shaft and drop 1 floor!
 20319 | Lair:5   | Reached skill level 12 in Shields
 20710 | Lair:5   | Learned a level 4 spell: Fulminant Prism
 22094 | Lair:1   | Bought a book of Unlife for 780 gold pieces
 22100 | Lair:1   | Learned a level 5 spell: Borgnjor's Vile Clutch
 22361 | D:10     | Reached skill level 1 in Necromancy
 23475 | D:11     | Got a smoking leather armour
 23486 | D:11     | Identified the +2 leather armour of the Big Bang {MP-9
                  | Str+6 Int-3 Dex+2} (You found it on level 11 of the
                  | Dungeon)
 24273 | D:12     | Reached skill level 13 in Shields
 25292 | D:11     | Gained mutation: Your body sometimes deteriorates upon
                  | taking damage. [mutagenic glow]
 25526 | D:12     | Reached XP level 14. HP: 78/78 MP: 19/28
 26492 | D:13     | Reached skill level 5 in Necromancy
 27219 | D:13     | Reached skill level 14 in Shields
 27682 | D:13     | Found Hiutur's Antique Weapon Boutique.
 28519 | D:13     | Found a roughly hewn altar of Beogh.
 29442 | D:13     | Lost mutation: Your body sometimes deteriorates upon taking
                  | damage. [potion of mutation]
 29442 | D:13     | Gained mutation: You are frail. (-10% HP) [potion of
                  | mutation]
 29442 | D:13     | Gained mutation: You are agile. (Dex +2) [potion of
                  | mutation]
 29442 | D:13     | Gained mutation: You are very frail. (-20% HP) [potion of
                  | mutation]
 29442 | D:13     | Gained mutation: Your muscles are strong. (Str +2) [potion
                  | of mutation]
 29443 | D:13     | Lost mutation: You are very frail. (-20% HP) [potion of
                  | mutation]
 29443 | D:13     | Lost mutation: You are frail. (-10% HP) [potion of
                  | mutation]
 29443 | D:13     | Lost mutation: You are agile. (Dex +2) [potion of mutation]
 29443 | D:13     | Gained mutation: Your mind is acute. (Int +2) [potion of
                  | mutation]
 29443 | D:13     | Gained mutation: You expend magic power (3 MP) to
                  | strengthen your wands. [potion of mutation]
 29711 | D:14     | You are sucked into a shaft and drop 1 floor!
 29711 | D:15     | Entered Level 15 of the Dungeon
 29808 | D:15     | Found Rearph Foov's Weapon Boutique.
 30442 | D:14     | Reached skill level 15 in Shields
 31021 | Lair:3   | Got a transparent robe
 31032 | Lair:3   | Identified the +1 robe of Jigsaw {+Blink rF+} (You found it
                  | on level 3 of the Lair of Beasts)
 31584 | D:14     | Found a hazy altar of Hepliaklqana.
 35264 | D:14     | HP: 2/78 [white ugly thing (25)]
 35280 | D:14     | Annihilated by a white ugly thing

Illustrated notes

Levels and vault maps discovered:
D:1:      dpeg_arrival_lava_altar, layout_loops_ring
D:2:      layout_loops_ring, marbit_many_paths, nicolae_overflow_crystal_walls,
          uniq_jessica, uniq_crazy_yiuf_cottage
D:3:      layout_loops_ring
D:4:      layout_loops_ring, uniq_edmund
D:5:      minmay_razor_zed, layout_loops_ring, eat_drink_and_be_merry_uskayaw,
          minmay_misc_feat_diagonals, uniq_ijyb, uniq_grinder
D:6:      layout_basic, temple_pool_b, nicolae_elemental_shop
D:7:      layout_loops_cross, nemelex_diamond_rough_becter, uniq_joseph
D:8:      layout_basic, lemuel_crystal_altar
D:9:      layout_irregular_city, overflow_temple_1_default,
          nicolae_qazlal_eye_of_the_storm, vehumet_statue,
          chequers_temple_overflow_minitemple, lemuel_doored_altar
D:10:     layout_basic, erik_lair_dragon, hangedman_abyss_or_decor_lesser_grid
D:11:     layout_rooms, hangedman_decor_growths
D:12:     layout_cave_pods
D:13:     layout_basic, serial_shops, nicolae_shop_crystal, special_room
          [special_room_orc], hangedman_decor_riveting
D:14:     layout_basic, grunt_vaults_entry_tiered, lemuel_tele_altar
D:15:     grunt_enter_depths_snipers, layout_irregular_city, serial_shops,
          nicolae_shop_stone, shop, nicolae_shop_statue_plus, abandoned_shop,
          chequers_decorated_corner, billiards_dpeg, uniq_rupert
Lair:1:   layout_gridlike
Lair:2:   layout_long_grid, minivault_27, grunt_megastairs_5,
          lemuel_fruit_fields
Lair:3:   layout_misc_corridors
Lair:4:   cheibrodos_lair_overgrown_chateau, layout_cave_shapes,
          elwin_shoals_entry_rooms
Lair:5:   layout_regular_city, slime_dummy, minivault_25, beast_lair_carwin_6,
          minmay_lair_oklob_chamber, grunt_megastairs_4
Lair:6:   gammafunk_lair_ancient_temple, layout_regular_city,
          kennysheep_abandoned_house, serial_bayou_shore_b

Skill      XL: |  1  2  3  4  5  6  7  8  9 10 11 12 13 14 |
---------------+-------------------------------------------+-----
Conjurations   | 6 7 8 10 | 10.2
Spellcasting   | 3 5 6 7 8 9 |  9.4
Armour         | 1 2 4 5 |  5.0
Fighting       | 1 2 3 5 |  5.3
Dodging        | 3 4 5 |  5.2
Air Magic      | 5 7 9 10 | 10.0
Shields        | 2 5 7 9 13 15 | 15.0
Stealth        | 4 |  4.8
Transmutations | 3 5 |  5.8
Earth Magic    | 3 5 |  5.3
Necromancy     | 4 6 |  6.9
Unarmed Combat | |  0.5

Action                   |  1- 3 |  4- 6 |  7- 9 | 10-12 | 13-15 || total
-------------------------+-------+-------+-------+-------+-------++-------
Melee: Dagger            |       |       |     3 |       |       ||     3
       Scimitar          |       |       |       |    11 |    56 ||    67
       Peck              |       |       |       |    10 |    13 ||    23
       Kick              |       |       |       |     5 |    28 ||    33
       Unarmed           |       |       |       |       |    18 ||    18
 Cast: Magic Dart        |    34 |    79 |   154 |    15 |     9 ||   291
       Searing Ray       |     2 |    11 |    40 |   190 |   214 ||   457
       Airstrike         |       |       |       |    12 |    75 ||    87
       Fulminant Prism   |       |       |       |       |     7 ||     7
       Statue Form       |       |       |       |       |    10 ||    10
       Borgnjor's Vile C |       |       |       |       |    13 ||    13
Invok: Call Merchant     |       |       |       |     1 |       ||     1
 Abil: Fly               |       |     1 |       |       |       ||     1
       End Transformatio |       |       |       |       |     1 ||     1
  Use: Scroll            |       |     9 |     5 |    19 |    11 ||    44
       Potion            |       |       |       |       |     5 ||     5
Armor: Robe              |     2 |       |       |       |     3 ||     5
       Ring mail         |       |     4 |       |       |       ||     4
       Scale mail        |       |       |    27 |    89 |   122 ||   238
       Skin              |       |       |       |       |    52 ||    52
Dodge: Dodged            |     1 |     9 |    28 |   107 |   236 ||   381
Block: Kite shield       |       |       |     6 |   132 |   313 ||   451
       Rpst.: Scimitar   |       |       |       |    32 |    56 ||    88

Table legend: (Time is in decaauts)
 A = Elapsed time spent in this place.
 B = Non-inter-level travel time spent in this place.
 C = Inter-level travel time spent in this place.
 D = Time resting spent in this place.
 E = Time spent auto-exploring this place.
 F = Levels seen in this place.
 G = Mean time per level.
                   A        B        C        D        E       F      G
               +--------+--------+--------+--------+--------+-----+--------+
         Total |  34231 |  32321 |   1910 |   7623 |  19524 |  21 | 1630.0 |
       Dungeon |  25755 |  24298 |   1457 |   6105 |  14611 |  15 | 1717.0 |
          Lair |   8476 |   8023 |    453 |   1517 |   4913 |   6 | 1412.7 |
               +--------+--------+--------+--------+--------+-----+--------+

Top non-repeatable levels by time:
    D:14: 4869 daAuts
    D:13: 3554 daAuts
    D:10: 2200 daAuts
    D:12: 2190 daAuts
    D:11: 2126 daAuts
  Lair:4: 2032 daAuts
  Lair:3: 1946 daAuts
  Lair:5: 1750 daAuts
     D:5: 1746 daAuts
     D:9: 1420 daAuts
  Lair:1: 1377 daAuts
  Lair:2: 1255 daAuts
     D:2: 1195 daAuts
     D:1: 1192 daAuts
     D:8: 1180 daAuts
